 Dungeon Crawl Stone Soup version 0.21.1-1-g345015f (webtiles) character file.

46 dohliylev the Sneak (level 3, 0/24 HPs)
             Began as a Vampire Enchanter on Feb 5, 2018.
             Was an Initiate of Nemelex Xobeh.
             Slain by an air elemental (4 damage)
             ... summoned by the player character
             ... on level 2 of the Dungeon.
             The game lasted 00:04:04 (814 turns).

dohliylev the Sneak (Vampire Enchanter)              Turns: 814, Time: 00:04:05

Health: 0/24       AC:  2    Str:  7    XL:     3   Next: 46%
Magic:  4/6        EV: 12    Int: 18    God:    Nemelex Xobeh [......]
Gold:   47         SH:  0    Dex: 14    Spells: 3/6 levels left

rFire    . . .     SeeInvis +   a - +1 dagger
rCold    . . .     Gourm    .   (no shield)
rNeg     . . .     Faith    .   b - +0 robe
rPois    .         Spirit   .   (no helmet)
rElec    .         Reflect  .   (no cloak)
rCorr    .         Harm     .   (no gloves)
MR       .....                  (no boots)
Stlth    +++.......             j - amulet of magic regeneration
HPRegen  0.28/turn              (no ring)
MPRegen  0.35/turn              (no ring)

@: very slightly contaminated, regenerating quickly
A: fangs 3, see invisible, unbreathing
a: Renounce Religion


You were on level 2 of the Dungeon.
You worshipped Nemelex Xobeh.
Nemelex Xobeh was noncommittal.
You were very full.

You visited 1 branch of the dungeon, and saw 2 of its levels.

You collected 47 gold pieces.

Inventory:

Hand Weapons
 a - a +1 dagger (weapon)
Armour
 b - a +0 robe (worn)
Jewellery
 j - an amulet of magic regeneration (around neck)
Scrolls
 f - a scroll of magic mapping {unknown}
 g - a scroll of teleportation {unknown}
 h - a scroll of identify {unknown}
 k - a scroll of remove curse {unknown}
Potions
 d - a potion of mutation {unknown}
 e - a potion of degeneration {unknown}
 i - a potion of invisibility {unknown}
 l - a potion of flight {unknown}
Books
 c - a book of Maledictions

   Spells                             Type                      Level
   a - Corona                         Hexes                        1
   b - Ensorcelled Hibernation        Hexes/Ice                    2
   c - Confuse                        Hexes                        3
   d - Tukima's Dance                 Hexes                        3
   e - Dazzling Spray                 Conjuration/Hexes            3
Miscellaneous
 m - a plain deck of destruction {drawn: 5}


   Skills:
 - Level 1.1 Short Blades
 - Level 2.1 Dodging
 + Level 6.8 Stealth
 - Level 2.0 Spellcasting
 - Level 4.4 Hexes
 - Level 0.1 Ice Magic
 * Level 0.4 Invocations


You had 3 spell levels left.
You knew the following spells:

 Your Spells              Type           Power        Failure   Level  Hunger
a - Corona                Hex            ###....      3%          1    #......
b - Ensorcelled Hibernat  Hex/Ice        #.....       11%         2    ###....


Dungeon Overview and Level Annotations

Branches:
Dungeon (2/15)

Altars:
Nemelex Xobeh


Innate Abilities, Weirdness & Mutations

Your natural rate of healing is unusually fast.
You have razor-sharp teeth.
You have supernaturally acute eyesight. (SInv)
You can survive without breathing.


Message History

The goblin dies!
Your air elemental hits the goblin.
The goblin dies!
Okay, then.
Use e to drain blood from corpses.
Your air elemental hits Robin.
Your air elemental closely misses Robin.
Your air elemental barely misses Robin.
Robin zaps a wand.
The puff of flame hits your air elemental.
It is a wand of flame (29).
Your air elemental closely misses Robin.
Your air elemental hits Robin!
Robin dies!
The air elemental hits you.
* * * LOW HITPOINT WARNING * * *
Lightning arcs down from a storm cloud!
You hear a shout!
The air elemental barely misses you. The air elemental hits you.
You die...
Your body disappears without a glow.

###
#.###########
#g..........#
#§#########.#
#§# #.# #§#
#.# #§#
#####'#####
#E#
#.........#
#@#
#.........#
#.#
#.........##
#§#
#.........'.
#§E§.#
#.........#.
#§§#.#
#.........#.
#§§#.#
#.........#.
#.)# #
#.........#.
#..#
###########.
....
##########.


You could see an air elemental, a goblin and a friendly air elemental.

Vanquished Creatures
  An adder (D:2)
  A worm (D:2)
  2 giant cockroaches (D:1)
  9 goblins
  3 hobgoblins
  2 bats (D:2)
  A frilled lizard (D:1)
  A kobold (D:1)
  5 rats
25 creatures vanquished.

Vanquished Creatures (collateral kills)
  Robin (D:2)
  3 goblins (D:2)
  A hobgoblin (D:2)
  A kobold (D:2)
6 creatures vanquished.

Grand Total: 31 creatures vanquished

Notes
Turn   | Place    | Note
-------+----------+-------------------------------------------
     0 | D:1      | dohliylev the Vampire Enchanter began the quest for the Orb.
     0 | D:1      | Reached XP level 1. HP: 13/13 MP: 3/3
   147 | D:1      | Reached skill level 5 in Stealth
   205 | D:1      | Reached XP level 2. HP: 19/19 MP: 5/5
   214 | D:1      | Learned a level 2 spell: Ensorcelled Hibernation
   445 | D:1      | Found a sparkling altar of Nemelex Xobeh.
   456 | D:1      | Became a worshipper of Nemelex Xobeh the Trickster
   671 | D:2      | Reached skill level 6 in Stealth
   683 | D:2      | Received a gift from Nemelex Xobeh
   745 | D:2      | Reached XP level 3. HP: 22/24 MP: 6/6
   793 | D:2      | Noticed Robin
   811 | D:2      | Noticed an air elemental
   813 | D:2      | Killed Robin
   814 | D:2      | Slain by an air elemental

Skill      XL: |  1  2 |
---------------+-------+-----
Stealth        | 5 6 |  6.8
Short Blades   | |  1.1
Dodging        | |  2.1
Spellcasting   | |  2.0
Hexes          | |  4.4
Ice Magic      | |  0.1
Invocations    | |  0.4

Action                   || total
-------------------------++-------
Melee: Dagger            ||    51
       Bite              ||     2
 Cast: Corona            ||     6
       Ensorcelled Hiber ||     6
Evoke: Deck              ||     5
  Use: Potion            ||     3
 Stab: Sleeping          ||    13
  Eat: Corpse            ||     6
Armor: Robe              ||    13
Dodge: Dodged            ||    32
